 Dungeon Crawl Stone Soup version 0.10.4 character file.

3758 MordorOrchid the Magician (level 10, -12/61 HPs)
             Began as an Octopode Fire Elementalist on June 29, 2020.
             Hit by a large rock thrown by a cyclops (19 damage)
             ... on Level 8 of the Dungeon.
             The game lasted 00:51:19 (9398 turns).

MordorOrchid the Magician (OpFE)                    Turns: 9398, Time: 00:51:19

HP -12/61        AC  1     Str  8      XL: 10   Next:  5%
MP  10/23        EV 20     Int 20      God:
Gold 296         SH 11     Dex 18      Spells:  6 memorised,  7 levels left

Res.Fire  : + . .   See Invis. : .   D - +2 orc trident
Res.Cold  : . . .   Warding    : . . h - +0 buckler
Life Prot.: . . .   Conserve   : .   (helmet restricted)
Res.Acid. : . . .   Res.Corr.  : .   (no amulet)
Res.Poison: +       Clarity    : .   a - ring of wizardry
Res.Elec. : .       Spirit.Shd : .   p - ring of poison resistance
Sust.Abil.: . .     Stasis     : .   q - ring of fire
Res.Mut.  : .       Ctrl.Telep.: .   B - ring of protection from cold
Res.Rott. : .       Levitation : .   (no ring)
Saprovore : . . .   Ctrl.Flight: .   (no ring)
                                     (no ring)
                                     (no ring)

@: agile, somewhat resistant to hostile enchantments, very stealthy
A: almost no armour, amphibious, constrict 8, camouflage 1, tentacles 3, AC +1
a: no special abilities


You were on level 8 of the Dungeon.
You were not hungry.

You visited 1 branch of the dungeon, and saw 8 of its levels.

You collected 276 gold pieces.

Inventory:

Hand weapons
 b - a +2 blowgun
 n - a +1,+0 elven dagger
 x - a -1,+1 orcish mace
 y - a -1,+0 orcish dagger
 z - a +1,+0 dagger
 A - a +0,+0 sling
 D - a +2,+2 orcish trident (weapon)
 H - a +0,+0 bow
 I - a +0,+2 orcish dagger of venom
 P - a -1,+0 orcish dagger
Missiles
 k - a +0 throwing net
 u - 26 +3 arrows
 w - 5 curare-tipped +0 needles
 E - 29 +2 darts (quivered)
 J - a poisoned +0 dart
Armour
 h - a +0 buckler (worn)
Magical devices
 s - a wand of draining (7)
Comestibles
 c - 6 bread rations
 S - 2 rotting chunks of hippogriff flesh
Scrolls
 d - 6 scrolls of remove curse {unknown}
 g - 3 scrolls of amnesia
 i - 2 scrolls of detect curse
 v - a scroll of magic mapping
 C - a scroll of fog {unknown}
 F - a scroll of immolation {unknown}
 L - a scroll of teleportation {unknown}
 M - a scroll of enchant armour {unknown}
 N - a scroll of curse weapon {unknown}
 O - a scroll of fear {unknown}
Jewellery
 a - a ring of wizardry (on tentacle)
 p - a ring of poison resistance (on tentacle)
 q - a ring of fire (on tentacle)
 B - a ring of protection from cold (on tentacle)
 R - an uncursed amulet of resist mutation {unknown}
Potions
 j - 3 potions of agility
 m - 2 potions of restore abilities {unknown}
 o - 2 potions of speed {unknown}
 t - 4 potions of curing
Books
 r - a book of Cantrips

   Spells                             Type                      Level
   Confusing Touch                    Hexes                        1
   *Animate Skeleton                  Necromancy                   1
   Summon Small Mammals               Summoning                    1
   Apportation                        Translocation                1
 G - a book of Flames

   Spells                             Type                      Level
   *Flame Tongue                      Conjuration/Fire             1
   *Throw Flame                       Conjuration/Fire             2
   *Conjure Flame                     Conjuration/Fire             3
   *Inner Flame                       Hexes/Fire                   3
   *Sticky Flame                      Conjuration/Fire             4
   Fireball                           Conjuration/Fire             5
Carrion
 e - a giant gecko skeleton


   Skills:
 * Level 4.5 Fighting
 * Level 5.0 Dodging
 - Level 4.0 Stealth
 * Level 4.0 Shields
 * Level 6.4 Spellcasting
 * Level 6.2 Conjurations
 + Level 0.3 Hexes
 - Level 2.1 Necromancy
 + Level 5.1 Fire Magic
 * Level 2.4 Evocations


You had 7 spell levels left.
You knew the following spells:

 Your Spells              Type           Power        Failure   Level  Hunger
a - Flame Tongue          Fire/Conj      ######       1%          1    None
b - Throw Flame           Fire/Conj      ######.      1%          2    None
c - Conjure Flame         Fire/Conj      ######...    1%          3    Strawberry
d - Inner Flame           Fire/Hex       #####....    4%          3    Strawberry
e - Sticky Flame          Fire/Conj      ######...    4%          4    Honeycomb
u - Animate Skeleton      Necr           N/A          1%          1    None


Dungeon Overview and Level Annotations

Branches:
Dungeon (8/27)             Temple (0/1) D:6
    Orc: D:6-11        Lair: D:8-13

Altars:
Cheibriados
Elyvilon
Fedhas
Makhleb
Okawaru
The Shining One
Yredelemnul
Zin

Shops:
D:6: [ D:7: (

Annotations
D:4 exclusion: orc warrior


Innate Abilities, Weirdness & Mutations

You cannot wear most types of armour.
You can wear up to eight rings at the same time.
You are amphibious.
You can use your tentacles to constrict many enemies at once.
Your rubbery body absorbs attacks (AC +1).
Your skin changes colour to match your surroundings (Stlth).
You have a mass of large tentacles instead of arms.


Message History

The puff of flame hits the four-headed hydra.
You kill the four-headed hydra!
Your Dodging skill increases to level 5!
Your Shields skill increases to level 4!
Your Spellcasting skill increases to level 6!
Your Conjurations skill increases to level 6!
Your Fire Magic skill increases to level 5!
You have reached level 10!
You feel stronger.
Your possessions no longer seem quite so burdensome.
The cyclops throws a large rock.
The large rock misses you.
Drink which item? (? for menu, Esc to quit)
Okay, then.
Read which item? (? for menu, Esc to quit)
Okay, then.
Drink which item? (? for menu, Esc to quit)
You feel more agile all of a sudden.
It was a potion of agility.
The cyclops throws a large rock.
The large rock hits you!
You die...

(.<...................#.#
##..................>#..
######'##...........##.
#...#...#..#####)%.)..#
+...'...#..# ###%#.##.#
#...#...#..# #...#.....
######'##..###%#%####.#
#!. #..(#..#._...#....#
#. #.@.#..#.#####.#### #!
#...#..#.......# #
##ยง##..#######.# ...#..#
### +C..#### #...# #####


You could see a cyclops.

Vanquished Creatures
  A hydra (D:8)
  A spriggan (D:8)
  The ghost of syranez the Chopper, an average MiBe of Trog (D:5)
  A hippogriff (D:8)
  A necrophage (D:6)
  A sky beast (D:8)
  2 orc warriors (D:8)
  A centaur (D:5)
  2 ogres
  2 giant frogs (D:6)
  A killer bee zombie (D:8)
  A goliath beetle (D:8)
  A big kobold zombie (D:8)
  A crimson imp (D:6)
  An orc priest (D:3)
  A hound zombie (D:7)
  An iguana (D:7)
  A scorpion (D:6)
  6 hounds
  A worker ant zombie (D:6)
  A gnoll shaman (D:6)
  6 worker ants
  A jelly (D:5)
  5 gnolls (D:6)
  6 adders
  2 giant mites
  4 worms
  A bat skeleton (D:8)
  A giant eyeball (D:8)
  2 oozes
  14 orcs
  3 ball pythons
  16 goblins
  14 hobgoblins
  5 jackals
  3 quokkas
  15 bats
  9 giant cockroaches
  5 giant geckos
  2 giant newts
  11 kobolds
  3 orc skeletons
  10 rats
  3 toadstools
170 creatures vanquished.

Vanquished Creatures (collateral kills)
  A wolf spider (D:8)
  A necrophage (D:7)
2 creatures vanquished.

Vanquished Creatures (others)
  A hippogriff skeleton (D:8)
  An ooze (D:5)
  2 goblins
  An orc skeleton (D:8)
  A quokka skeleton (D:8)
  9 toadstools
15 creatures vanquished.

Grand Total: 187 creatures vanquished

Notes
Turn   | Place    | Note
--------------------------------------------------------------
     0 | D:1      | MordorOrchid, the Octopode Fire Elementalist, began the quest for the Orb.
     0 | D:1      | Reached XP level 1. HP: 11/11 MP: 3/3
     2 | D:1      | Noticed a centaur
     6 | D:1      | Noticed an ogre
    14 | D:1      | Noticed a vampire
    20 | D:1      | Noticed a troll
    22 | D:1      | Noticed a mummy
   180 | D:1      | Found a snail-covered altar of Cheibriados.
   455 | D:1      | Reached XP level 2. HP: 15/17 MP: 4/4
   459 | D:1      | Learned a level 2 spell: Throw Flame
  1051 | D:1      | Reached XP level 3. HP: 21/21 MP: 6/6
  1306 | D:2      | Reached skill level 4 in Stealth
  1478 | D:2      | Reached skill level 1 in Fighting
  1666 | D:2      | Found a white marble altar of Elyvilon.
  1816 | D:2      | Reached XP level 4. HP: 14/27 MP: 4/8
  1862 | D:2      | Learned a level 3 spell: Conjure Flame
  1962 | D:2      | Found a glowing silver altar of Zin.
  2204 | D:3      | Found a blossoming altar of Fedhas.
  2211 | D:3      | Found a burning altar of Makhleb.
  2223 | D:3      | Reached skill level 1 in Shields
  3703 | D:4      | Reached XP level 5. HP: 32/32 MP: 1/9
  3949 | D:4      | Found a snail-covered altar of Cheibriados.
  4602 | D:5      | Entered Level 5 of the Dungeon
  4681 | D:5      | Reached XP level 6. HP: 16/37 MP: 4/12
  4748 | D:5      | Learned a level 3 spell: Inner Flame
  5090 | D:5      | Noticed syranez's ghost (average MiBe)
  5291 | D:5      | Killed syranez's ghost
  5291 | D:5      | Reached XP level 7. HP: 43/43 MP: 1/15
  6068 | D:5      | Learned a level 4 spell: Sticky Flame
  6193 | D:6      | Found a staircase to the Ecumenical Temple.
  6366 | D:6      | Found a basalt altar of Yredelemnul.
  6610 | D:6      | Reached XP level 8. HP: 49/49 MP: 1/18
  6842 | D:6      | Found Hasion's Antique Armour Boutique.
  7690 | D:7      | Found Gelerr's Antique Weapon Shop.
  7786 | D:7      | Found an iron altar of Okawaru.
  7830 | D:7      | Learned a level 1 spell: Animate Skeleton
  7868 | D:7      | Reached skill level 5 in Conjurations
  8010 | D:7      | Reached skill level 1 in Necromancy
  8269 | D:7      | Found a glowing golden altar of the Shining One.
  8399 | D:8      | Reached skill level 5 in Spellcasting
  8584 | D:8      | Reached skill level 1 in Evocations
  8584 | D:8      | Reached XP level 9. HP: 46/54 MP: 15/20
  8650 | D:8      | Found an iron altar of Okawaru.
  8894 | D:8      | Found a blossoming altar of Fedhas.
  9389 | D:8      | Noticed a four-headed hydra
  9396 | D:8      | Noticed a cyclops
  9397 | D:8      | Killed a four-headed hydra
  9397 | D:8      | Reached skill level 5 in Dodging
  9397 | D:8      | Reached skill level 6 in Spellcasting
  9397 | D:8      | Reached skill level 5 in Fire Magic
  9397 | D:8      | Reached XP level 10. HP: 7/61 MP: 12/23
  9398 | D:8      | Hit by a large rock thrown by a cyclops
